 Dungeon Crawl Stone Soup version 0.26-a0-651-gb41185065b (webtiles) character file.

Game seed: 17976853190984607573

292036 Flugslaktarn the Warrior (level 19, -10/195 HPs)
             Began as a Deep Dwarf Fighter on Oct 22, 2020.
             Was the Champion of Makhleb.
             Mangled by an Ice Fiend (21 damage)
             ... on level 3 of the Depths.
             The game lasted 00:19:16 (20796 turns).

Flugslaktarn the Warrior (Deep Dwarf Fighter)      Turns: 20796, Time: 00:19:17

Health: -10/195    AC: 32    Str: 20    XL:     19   Next: 54%
Magic:  14/14      EV: 12    Int:  6    God:    Makhleb [******]
Gold:   1155       SH: 15    Dex: 21    Spells: 18/18 levels left

rFire    + . .     SeeInvis .   a - +2 war axe (drain)
rCold    + . .     Faith    .   T - +1 kite shield {AC+3}
rNeg     + . .     Spirit   .   D - +1 plate armour {rC+}
rPois    .         Reflect  .   A - +2 hat {MR+}
rElec    .         Harm     .   y - +2 cloak "Hegowah" {+Fly Dex+4}
rCorr    +         Rampage  .   b - +2 pair of gloves
MR       +++..     Rnd*Rage +   o - +0 pair of boots {run}
Stlth    ..........             (no amulet)
HPRegen  0.00/turn              p - +4 ring of protection
MPRegen  0.14/turn              K - ring of Syskeokh {rF+ rCorr Slay+2}

@: non-regenerating, quick
A: damage resistance, heal wounds, berserk 1, blurry vision 2, deformed body,
dopey 2, negative energy resistance 1, sense surroundings 3, shaggy fur 1, weak
1, no regeneration
}: 3/15 runes: barnacled, abyssal, gossamer
a: Heal Wounds, Minor Destruction, Lesser Servant of Makhleb, Major Destruction,
Greater Servant of Makhleb, Renounce Religion, Evoke Flight


You were on level 3 of the Depths.
You worshipped Makhleb.
Makhleb was exalted by your worship.
You visited 6 branches of the dungeon, and saw 30 of its levels.
You visited the Abyss 1 time.
You also visited: Bailey and Ice Cave.

You collected 2243 gold pieces.
You spent 1088 gold pieces at shops.

Inventory:

Hand Weapons
 a - a +2 war axe of draining (weapon)
Armour
 b - a +2 pair of gloves (worn)
   (You found it on level 3 of the Spider Nest)
 o - a +0 pair of boots of running (worn)
   (You bought it in a shop on level 13 of the Dungeon)
 y - the +2 cloak "Hegowah" (worn) {+Fly Dex+4}
   (You found it on level 9 of the Dungeon)

   It affects your dexterity (+4).
   It lets you fly.
 A - a +2 hat of magic resistance (worn)
   (You took it off Gastronok on level 8 of the Dungeon)
 D - a +1 plate armour of cold resistance (worn)
   (You took it off an orc warrior on level 12 of the Dungeon)
 T - a +1 kite shield of protection (worn)
   (You took it off a tengu warrior on level 1 of the Depths)
Jewellery
 f - an uncursed ring of protection from fire
   (You found it on level 2 of the Spider Nest)
 p - a +4 ring of protection (left hand)
   (You took it off an ogre mage on level 13 of the Dungeon)
 v - a +4 ring of evasion
   (You took it off a tengu warrior on level 12 of the Dungeon)
 K - the ring of Syskeokh (right hand) {rF+ rCorr Slay+2}
   (You bought it in a shop on level 2 of the Depths)

   [ring of resist corrosion]

   It affects your accuracy and damage with ranged weapons and melee attacks
   (+2).
   It protects you from fire.
   It provides partial protection from all sources of acid and corrosion.
Wands
 g - a wand of digging (12)
   (You took it off an orc wizard on level 9 of the Dungeon)
 s - a wand of iceblast (12)
   (You found it on level 3 of the Depths)
 B - a wand of paralysis (13)
   (You found it on level 13 of the Dungeon)
 Q - a wand of acid (7)
   (You found it on level 3 of the Lair of Beasts)
Scrolls
 c - a scroll of fear
 k - 2 scrolls of immolation
 l - 2 scrolls of magic mapping
 r - 4 scrolls of identify
 t - 7 scrolls of teleportation
 u - a scroll of summoning
 x - 8 scrolls of remove curse
 z - 4 scrolls of blinking
 H - 3 scrolls of vulnerability
 I - a scroll of holy word
 M - a scroll of fog
 P - a scroll of enchant armour
 S - a scroll of enchant weapon
Potions
 d - 2 potions of might
 e - 2 potions of flight
 h - 4 potions of haste
 i - 4 potions of magic
 m - 7 potions of lignification
 n - a potion of resistance
 q - 5 potions of curing
 w - 2 potions of heal wounds
 E - a potion of ambrosia
 G - a potion of cancellation
 L - a potion of brilliance
 O - 2 potions of invisibility
Miscellaneous
 C - a tin of tremorstones (3/3)
   (You found it on level 4 of the Shoals)
 F - a condenser vane (2/2)
   (You found it on level 2 of the Spider Nest)


   Skills:
 * Level 18.1 Fighting
 - Level 18.0 Axes
 + Level 15.8 Armour
 - Level 8.1 Dodging
 + Level 14.0 Shields
 - Level 15.0 Invocations
 - Level 10.0 Evocations


You had 18 spell levels left.
You didn't know any spells.
Your spell library was empty.

Dungeon Overview and Level Annotations

Branches:
Dungeon (15/15)            Temple (1/1) D:4            Lair (3/6) D:10
 Shoals (4/4) Lair:3       Spider (4/4) Lair:3          Orc (0/2) D:10
 Vaults (0/5) D:13         Depths (3/5) D:15         Bailey (visited)
  IceCv (visited)

Altars:
Ashenzari
Cheibriados
Dithmenos
Elyvilon
Fedhas
Gozag
Hepliaklqana
Kikubaaqudgha
Makhleb
Nemelex Xobeh
Okawaru
Qazlal
Ru
Sif Muna
Trog
Uskayaw
Vehumet
Wu Jian
Xom
The Shining One

Shops:
D:13 [   Depths:2 }=}

Portals:
Hell: Depths:1 Depths:2
Abyss: Depths:1

Annotations:
D:9 exclusion: door
D:10 1 runed translucent door, Urug
D:12 3 runed translucent doors, exclusions: hell hound and 3 more exclusions
D:13 1 runed translucent door, harkrass's ghost, journeyman MiFi


Innate Abilities, Weirdness & Mutations

You are resistant to damage.
You can heal yourself by infusing magical energy.
You resist negative energy. (rN+)
You passively map a large area around you.
You do not regenerate.
You tend to lose your temper in combat.
Scrolls take you longer to read.
Armour fits poorly on your strangely shaped body.
You are very dopey. (Int -4)
You are covered in fur. (AC +1)
You are weak. (Str -2)


Message History

Your body is wracked with pain!
* * * LOW HITPOINT WARNING * * *
The crimson imp blinks!
The hellion gestures at you.
The sphere of damnation explodes!
The damnation engulfs you!!
* * * LOW HITPOINT WARNING * * *
The damnation engulfs the hellion.
The hellion completely resists.
The damnation engulfs your green death!!
The damnation engulfs the Ice Fiend!!!
The balrug hits you from afar with a +0 glaive of protection.
* * * LOW HITPOINT WARNING * * *
You are engulfed in flames!
You resist.
* * * LOW HITPOINT WARNING * * *
You are too injured to fight recklessly!
You hit the Ice Fiend.
The Ice Fiend is severely wounded.
You completely miss the hellion.
The Ice Fiend claws you but does no damage.
The Ice Fiend claws you. The Ice Fiend freezes you!! You resist.
You die...

,* , , ... ,
.......* , *
...####.....#* ,,,
............# ,
)...........## ,,
≈.......)(...# ,
≈...§..†()5..# ,,
.......).....# ,,,
, ..##...2....## ,
, .......@....# ,
......2#1......* ,
,,,......2#.##.##.
** .#. ,,
,.......... ... .
....
*##.........####*
* ...#
###...,.###, *
...#, ≈≈ ##.. ##,
, * ...#, ≈≈ ... ≈
...# , , , * ≈, *


You could see an Ice Fiend, a balrug, a hellion, a crimson imp and a friendly
green death (summoned).

Vanquished Creatures
  A caustic shrike (Depths:3)
  Nikola (Spider:3)
  A golden dragon (Depths:3)
  Arachne (Spider:4)
  A hellephant (Abyss:5)
  A titan (Depths:3)
  An Executioner (Abyss:5)
  A kraken (Shoals:4)
  2 sphinxes
  A revenant (Abyss:2)
  Gastronok (D:8)
  A shadow dragon (Depths:3)
  3 tengu reavers
  5 tentacled starspawn
  A draconian monk (Abyss:5)
  2 frost giants
  4 fire giants
  A daeva (Abyss:2)
  3 ghost moths (Spider:4)
  A cacodemon (Abyss:5)
  2 emperor scorpions (Spider:4)
  A draconian shifter (Abyss:2)
  12 very ugly things
  11 stone giants
  2 vampire knights
  A deep elf demonologist (Abyss:3)
  7 spark wasps
  A red draconian (Abyss:2)
  2 blizzard demons (Depths:3)
  An eidolon (Abyss:3)
  6 ettins
  2 great orbs of eyes
  4 fire dragons
  2 merfolk impalers
  2 yaktaur captains (Depths:1)
  4 rakshasas
  4 ice dragons (Depths:3)
  A vault guard (D:13)
  Harold (D:7)
  A spriggan air mage (Depths:3)
  A naga warrior (Abyss:3)
  7 centaur warriors
  14 two-headed ogres
  4 ogre magi
  A dancing weapon (Abyss:4)
  A satyr (Shoals:4)
  2 deep troll shamans (Depths:3)
  A titan zombie (Depths:1)
  3 vampire magi (Depths:3)
  2 thrashing horrors (Abyss:2)
  6 deep troll earth magi
  9 tengu warriors
  3 spriggan berserkers
  A hell knight (Depths:3)
  A deep elf knight (D:13)
  A skeletal warrior (D:14)
  3 wretched stars (Abyss:2)
  A golden dragon zombie (Depths:3)
  A sixfirhy (Abyss:2)
  2 spatial maelstroms (Abyss:3)
  3 iron trolls (Depths:3)
  25 starcursed masses
  An unseen horror (shapeshifter) (Abyss:5)
  6 sea snakes
  A swamp dragon (shapeshifter) (Depths:3)
  9 deep trolls
  A deep elf archer (Abyss:4)
  A flayed ghost (Depths:3)
  5 unseen horrors
  3 wizards
  2 necromancers
  7 harpies
  An orb spider (shapeshifter) (D:13)
  2 wolf spider zombies
  26 wolf spiders
  9 orb spiders
  3 deep elf magi
  21 ugly things
  3 manticores
  4 fauns (Shoals:2)
  A faun (shapeshifter) (D:12)
  2 shining eyes
  4 cyclopes
  A worldbinder (Abyss:2)
  3 draconians (Abyss:5)
  5 merfolk sirens
  2 moths of wrath (Spider:4)
  2 apocalypse crabs (Abyss:2)
  2 black mambas (Lair:3)
  A guardian serpent (shapeshifter) (D:13)
  A frost giant skeleton (Depths:3)
  A water nymph (Shoals:4)
  A guardian serpent (Abyss:3)
  3 torpor snails
  4 smoke demons
  3 orange demons (Abyss:2)
  A cane toad (Lair:2)
  3 centaur skeletons
  A gargoyle (D:12)
  2 hellions (Depths:3)
  A kobold demonologist (D:12)
  A spark wasp simulacrum (Depths:3)
  2 demonic crawlers (Spider:1)
  15 yaktaurs
  4 ancient zymes (Abyss:2)
  An efreet (Abyss:2)
  4 komodo dragons
  An ice devil (Abyss:2)
  6 tengu conjurers
  A hellwing (Abyss:2)
  4 polar bears (Lair:2)
  23 jumping spiders
  A meliai (shapeshifter) (Abyss:2)
  4 trolls
  8 merfolk
  A queen bee (shapeshifter) (Depths:1)
  14 large abominations
  6 meliai
  9 hornets
  A tyrant leech (Abyss:4)
  11 hippogriffs
  6 raiju (Abyss:2)
  A snapping turtle (Shoals:4)
  A bog body (Abyss:4)
  6 flying skulls
  2 ynoxinuls (Abyss:2)
  An alligator skeleton (Abyss:2)
  9 water elementals
  63 redbacks
  A vampire (Abyss:2)
  3 wraiths
  3 spriggans (Depths:2)
  28 yaks
  A shadow (D:12)
  19 tarantellas
  Eustachio (D:5)
  3 wyverns
  2 fire bats (Abyss:2)
  A basilisk (Lair:3)
  3 neqoxecs
  2 chaos spawn (Abyss:2)
  4 vampire mosquitoes
  2 soldier ants
  Edmund (D:4)
  A human zombie (Depths:1)
  A soldier ant (shapeshifter) (Depths:3)
  2 spatial vortices
  A warg (shapeshifter) (Depths:1)
  2 nagas (Abyss:3)
  2 acid dragons (D:11)
  4 water moccasins
  14 ice beasts
  3 porcupines
  11 orc warriors
  An ice dragon simulacrum (Depths:1)
  13 ogres
  3 black bears
  3 sky beasts
  3 eyes of draining
  12 wolves
  29 centaurs
  4 crocodiles
  3 big kobolds
  17 bullfrogs
  13 small abominations
  10 scorpions
  A wyvern skeleton (D:10)
  12 killer bees
  9 wights
  7 jellies
  2 electric eels
  2 crimson imps (Depths:3)
  4 howler monkeys
  4 quasits
  12 hounds
  10 orc priests
  2 iron imps
  Terence (D:3)
  3 iguanas
  8 orc wizards
  8 worker ants
  4 hound skeletons
  A hound zombie (D:5)
  A worker ant zombie (D:6)
  3 gnolls (Bailey)
  10 adders
  6 shadow imps
  11 white imps
  An ooze (D:2)
  4 ufetubi
  An adder zombie (D:9)
  An adder skeleton (D:8)
  A worm (D:2)
  3 dart slugs
  4 leopard geckos
  47 orcs
  3 bats
  5 giant cockroaches
  4 goblins
  3 hobgoblins
  11 jackals
  8 quokkas
  2 ball pythons
  3 frilled lizards
  A jackal zombie (D:8)
  23 kobolds
  A leopard gecko zombie (D:8)
  2 quokka zombies
  3 rats
  6 starspawn tentacles
  A tentacle (Shoals:4)
1032 creatures vanquished.

Vanquished Creatures (collateral kills)
  The ghost of Vaibre the Pandemonic, an adept DDFi of Makhleb (Spider:2)
  An emperor scorpion (Spider:4)
  A spark wasp (Spider:4)
  Snorg (D:13)
  A merfolk javelineer (Shoals:4)
  An ettin (Depths:1)
  2 merfolk impalers (Shoals:4)
  A blizzard demon (Depths:3)
  4 hydras
  3 merfolk aquamancers
  A two-headed ogre (D:11)
  A satyr (Shoals:2)
  A merfolk avatar (Shoals:4)
  4 skeletal warriors (D:14)
  An unseen horror (D:14)
  A harpy (Shoals:1)
  5 orb spiders (Spider:4)
  4 fauns (Shoals:4)
  A moth of wrath (Spider:4)
  A merfolk siren (Shoals:2)
  5 wolf spiders (Spider:4)
  A cane toad (Lair:1)
  A centaur skeleton (D:11)
  A demonic crawler (Spider:4)
  A tengu conjurer (D:15)
  A troll (D:10)
  6 merfolk
  4 jumping spiders
  A wind drake (Shoals:4)
  A hippogriff (Lair:3)
  2 hornets (Spider:4)
  A snapping turtle (Shoals:4)
  11 redbacks
  2 water elementals (Shoals:1)
  A wraith (D:10)
  5 yaks
  4 tarantellas (Spider:2)
  2 wyverns (D:12)
  Grum (D:10)
  2 sky beasts
  2 wolves (D:10)
  2 hounds
  An orc wizard (D:14)
  An iguana (D:13)
  An adder (D:11)
  An orc (D:14)
  2 tentacles (Shoals:4)
99 creatures vanquished.

Vanquished Creatures (others)
  A blizzard demon (Depths:3)
  A deep troll (D:15)
  A deep elf archer (D:15)
  A harpy (Shoals:4)
  An orb spider (Spider:4)
  A small abomination (Abyss:2)
  A sky beast (D:12)
  A boggart (Depths:3)
  A crimson imp (Depths:3)
  An orc wizard (D:8)
  2 white imps (IceCv)
  An ufetubus (IceCv)
  11 fungi
  A lurking horror (Abyss:2)
  35 plants
  17 starspawn tentacles
  10 tentacles (Shoals:4)
  2 withered plants (D:13)
89 creatures vanquished.

Grand Total: 1220 creatures vanquished

Notes
Turn   | Place    | Note
-------+----------+-------------------------------------------
     0 | D:1      | Flugslaktarn the Deep Dwarf Fighter began the quest for the
                  | Orb.
     0 | D:1      | Reached XP level 1. HP: 20/20 MP: 1/1
   168 | D:2      | Reached XP level 2. HP: 25/27 MP: 2/2
   315 | D:2      | Reached XP level 3. HP: 31/34 MP: 3/3
   510 | D:3      | Noticed a bullfrog
   528 | D:3      | Killed a bullfrog
   528 | D:3      | Reached XP level 4. HP: 32/43 MP: 4/4
   544 | D:3      | Noticed Terence
   553 | D:3      | Killed Terence
   553 | D:3      | Reached XP level 5. HP: 38/50 MP: 5/5
   639 | D:4      | Found a staircase to the Ecumenical Temple.
   645 | Temple   | Entered the Ecumenical Temple
   871 | D:4      | Reached skill level 1 in Dodging
   884 | D:4      | Noticed Edmund
   898 | D:4      | Killed Edmund
   898 | D:4      | Reached XP level 6. HP: 50/58 MP: 6/6
  1216 | D:4      | Found a snail-covered altar of Cheibriados.
  1353 | D:4      | Found a burning altar of Makhleb.
  1368 | D:4      | Became a worshipper of Makhleb the Destroyer
  1429 | D:4      | Reached skill level 5 in Axes
  1588 | D:4      | Found a bloodstained altar of Trog.
  1636 | D:5      | Entered Level 5 of the Dungeon
  1752 | D:5      | Reached XP level 7. HP: 45/66 MP: 7/7
  1977 | D:5      | Reached skill level 1 in Invocations
  2104 | D:5      | Reached skill level 5 in Fighting
  2222 | D:5      | Reached skill level 5 in Armour
  2253 | D:5      | Noticed Eustachio
  2276 | D:5      | Killed Eustachio
  2276 | D:5      | Reached XP level 8. HP: 43/75 MP: 7/9
  2324 | D:5      | Found a shimmering altar of Xom.
  2354 | D:5      | Found a shadowy altar of Dithmenos.
  2368 | D:5      | Found a broken altar of Ashenzari.
  2789 | D:6      | Reached * piety under Makhleb
  3278 | D:6      | Found a burning altar of Makhleb.
  3493 | D:6      | Gained mutation: You passively map the area around you.
                  | [Deep Dwarf growth]
  3493 | D:6      | Reached XP level 9. HP: 62/85 MP: 11/11
  3770 | D:7      | Reached ** piety under Makhleb
  3911 | D:7      | Reached skill level 5 in Invocations
  4128 | D:7      | Noticed Harold
  4144 | D:7      | Killed Harold
  4144 | D:7      | Reached skill level 5 in Dodging
  4294 | D:8      | Noticed Gastronok
  4406 | D:8      | Reached XP level 10. HP: 94/96 MP: 13/13
  4482 | D:8      | Reached *** piety under Makhleb
  4484 | D:8      | Killed Gastronok
  4658 | D:8      | Reached skill level 10 in Axes
  5152 | D:9      | Found a shimmering blue altar of Sif Muna.
  5394 | D:9      | Got a bloodstained cloak
  5405 | D:9      | Identified the +2 cloak "Hegowah" {+Fly Dex+4} (You found
                  | it on level 9 of the Dungeon)
  5421 | D:9      | Noticed a two-headed ogre
  5435 | D:9      | Killed a two-headed ogre
  5435 | D:9      | Reached XP level 11. HP: 68/104 MP: 14/14
  5531 | D:10     | Entered Level 10 of the Dungeon
  5562 | D:10     | Reached **** piety under Makhleb
  5572 | D:10     | Noticed a two-headed ogre
  5574 | D:10     | Killed an unseen horror
  5592 | D:10     | Noticed Grum
  5598 | D:10     | Killed a two-headed ogre
  5605 | D:10     | Killed Grum
  5724 | D:10     | Found a staircase to the Orcish Mines.
  5743 | D:10     | Found a staircase to the Lair.
  5947 | D:10     | Noticed a centaur warrior
  5964 | D:10     | Killed a centaur warrior
  6235 | D:10     | Found a flagged portal.
  6244 | Bailey   | Entered a bailey
  6346 | D:10     | Found a runed translucent door.
  6346 | D:10     | Noticed a fire crab
  6609 | D:10     | Killed an unseen horror
  6725 | D:10     | Noticed Urug
  6768 | D:11     | Noticed a white ugly thing
  6784 | D:11     | Killed a white ugly thing
  6784 | D:11     | Reached skill level 10 in Fighting
  6787 | D:11     | Noticed a two-headed ogre
  6805 | D:11     | Killed a two-headed ogre
  6983 | D:11     | Reached XP level 12. HP: 72/116 MP: 15/15
  7455 | D:12     | Found a runed translucent door.
  7654 | D:12     | Reached ***** piety under Makhleb
  7796 | D:12     | Reached skill level 1 in Evocations
  7976 | D:12     | Found a runed translucent door.
  7978 | D:12     | Noticed a two-headed ogre
  7996 | D:12     | Found a runed translucent door.
  8089 | D:12     | Noticed a two-headed ogre
  8096 | D:12     | Killed a two-headed ogre
  8116 | D:12     | Noticed a tengu warrior
  8171 | D:12     | Killed a tengu warrior
  8242 | D:13     | Found a runed translucent door.
  8245 | D:13     | Noticed harkrass's ghost (journeyman MiFi)
  8337 | D:13     | Reached skill level 5 in Shields
  8345 | D:13     | Reached skill level 10 in Invocations
  8415 | D:13     | Found Ywutuec's Antique Armour Shoppe.
  8421 | D:13     | Bought a pair of embroidered boots for 240 gold pieces
  8426 | D:13     | Identified a +0 pair of boots of running (You bought it in
                  | a shop on level 13 of the Dungeon)
  8479 | D:13     | Noticed a centaur warrior
  8486 | D:13     | Killed a centaur warrior
  8583 | D:13     | Noticed Snorg
  8600 | D:13     | Killed Snorg
  8625 | D:13     | Noticed a centaur warrior
  8632 | D:13     | Killed a centaur warrior
  8632 | D:13     | Reached XP level 13. HP: 104/127 MP: 17/17
  8937 | D:13     | Reached skill level 10 in Armour
  9000 | D:13     | Reached skill level 5 in Evocations
  9004 | D:13     | Found a gate to the Vaults.
 10188 | D:15     | Entered Level 15 of the Dungeon
 10292 | D:15     | Gained mutation: You resist negative energy. (rN+) [Deep
                  | Dwarf growth]
 10292 | D:15     | Reached XP level 14. HP: 138/138 MP: 18/18
 10302 | D:15     | Found a staircase to the Depths.
 10502 | D:15     | Found a frozen archway.
 10528 | IceCv    | Entered an ice cave
 11219 | D:12     | Reached ****** piety under Makhleb
 11482 | Lair:1   | Entered Level 1 of the Lair of Beasts
 11648 | Lair:1   | Found the +8 storm bow {elec, penet}
 12524 | Lair:3   | Found a hole to the Spider Nest.
 12798 | Lair:3   | Found a staircase to the Shoals.
 13398 | Spider:1 | Entered Level 1 of the Spider Nest
 14085 | Spider:2 | Reached skill level 15 in Axes
 14100 | Spider:2 | Noticed a balrug
 14188 | Spider:2 | Reached XP level 15. HP: 85/147 MP: 20/20
 14197 | Spider:2 | Found a runed translucent door.
 14197 | Spider:2 | Noticed Vaibre's ghost (adept DDFi)
 14322 | Spider:2 | Killed Vaibre's ghost
 14466 | Spider:2 | You fall into a shaft and drop 1 floor!
 14470 | Spider:3 | Noticed Nikola
 14471 | Spider:3 | Paralysed by a hornet for 1 turns
 14487 | Spider:3 | Killed Nikola
 14681 | Spider:4 | Entered Level 4 of the Spider Nest
 14721 | Spider:4 | Killed a ghost moth
 15045 | Spider:4 | Killed a ghost moth
 15072 | Spider:4 | Reached skill level 10 in Evocations
 15115 | Spider:4 | Noticed Arachne
 15120 | Spider:4 | Noticed an Executioner
 15149 | Spider:4 | Reached XP level 16. HP: 89/158 MP: 13/18
 15154 | Spider:4 | Killed Arachne
 15490 | Spider:4 | Got a gossamer rune of Zot
 15649 | Shoals:1 | Entered Level 1 of the Shoals
 15886 | Shoals:4 | Entered Level 4 of the Shoals
 15968 | Shoals:4 | Reached skill level 10 in Shields
 16243 | Shoals:4 | Noticed a kraken
 16261 | Shoals:4 | Killed a kraken
 16270 | Shoals:4 | Got a barnacled rune of Zot
 16547 | Depths:1 | Entered Level 1 of the Depths
 16580 | Depths:1 | Found a gateway to Hell.
 16660 | Depths:1 | Found a one-way gate to the infinite horrors of the Abyss.
 16747 | Depths:1 | Reached XP level 17. HP: 168/168 MP: 18/18
 17035 | Depths:2 | Reached skill level 15 in Fighting
 17211 | Depths:2 | Found Jeoru's Gadget Shoppe.
 17211 | Depths:2 | Found Ucuos's Jewellery Shop.
 17212 | Depths:2 | Found Danwof's Gadget Shoppe.
 17292 | Depths:2 | Bought the ring of Syskeokh {rF+ rCorr Slay+2} for 848 gold
                  | pieces
 17681 | Depths:1 | Voluntarily entered the Abyss.
 17721 | Abyss:2  | Gained mutation: You are covered in fur. (AC +1) [a
                  | neqoxec]
 18088 | Abyss:2  | Reached skill level 15 in Invocations
 18337 | Abyss:2  | Found a corrupted altar of Lugonu.
 18449 | Abyss:2  | Found a corrupted altar of Lugonu.
 18661 | Abyss:2  | Paralysed by accursed screaming for 1 turns
 18675 | Abyss:2  | Paralysed by accursed screaming for 1 turns
 18828 | Abyss:2  | Gained mutation: Armour fits poorly on your strangely
                  | shaped body. [a shining eye]
 18829 | Abyss:2  | Gained mutation: You passively map a large area around you.
                  | [Deep Dwarf growth]
 18829 | Abyss:2  | Reached XP level 18. HP: 97/181 MP: 8/12
 18830 | Abyss:2  | Gained mutation: You are weak. (Str -2) [a shining eye]
 19109 | Abyss:3  | Found a corrupted altar of Lugonu.
 19202 | Abyss:4  | Gained mutation: Scrolls take you a little longer to read.
                  | [a shining eye]
 19217 | Abyss:5  | Entered Level 5 of the Abyss
 19220 | Abyss:5  | Found a transporter.
 19241 | Abyss:5  | Paralysed by accursed screaming for 1 turns
 19387 | Abyss:5  | Found a transporter.
 19387 | Abyss:5  | Noticed a hellephant
 19397 | Abyss:5  | Gained mutation: You tend to lose your temper in combat. [a
                  | cacodemon]
 19405 | Abyss:5  | Gained mutation: Scrolls take you longer to read. [a
                  | cacodemon]
 19409 | Abyss:5  | Gained mutation: You are dopey. (Int -2) [a cacodemon]
 19416 | Abyss:5  | Gained mutation: You are very dopey. (Int -4) [a cacodemon]
 19448 | Abyss:5  | Killed a hellephant
 19454 | Abyss:5  | Got an abyssal rune of Zot
 19474 | Depths:1 | Escaped the Abyss
 20180 | Depths:3 | Reached skill level 15 in Armour
 20439 | Depths:3 | Noticed a golden dragon
 20443 | Depths:3 | Reached XP level 19. HP: 94/193 MP: 16/16
 20463 | Depths:3 | Killed a golden dragon
 20560 | Depths:3 | Noticed a caustic shrike
 20567 | Depths:3 | Identified the +9 quarterstaff "Xom's Ringing Laughter"
                  | {freeze, *Contam Dex+4 SInv}
 20578 | Depths:3 | Killed a caustic shrike
 20623 | Depths:3 | Got a warped marble ring
 20701 | Depths:3 | Identified the ring "Qoeng" {Wiz MR- Dex+5} (You found it
                  | on level 3 of the Depths)
 20796 | Depths:3 | Mangled by an Ice Fiend

Illustrated notes

Levels and vault maps discovered:
D:1:      nicolae_arrival_somewhat_less_tricky_arrival, layout_basic
D:2:      layout_loops_corners, lemuel_zombie_altar_yredelemnul
D:3:      layout_rooms, zin_treasury, overflow_temple_1_default,
          kennysheep_generic_room_12, uniq_terence
D:4:      layout_loops_ring, lemuel_coloured_pillars_altar,
          kennysheep_slug_shrine, minmay_temple_entry_hall,
          makhleb_blood_cavern_becter, uniq_edmund
D:5:      layout_basic, kennysheep_mini, lemuel_crystal_altar,
          corexii_corridor_pit, grunt_dithmenos_shadows, uniq_eustachio
D:6:      layout_basic, kennysheep_little_box
D:7:      layout_loops_ring, minivault_4, uniq_harold
D:8:      layout_cave_pools, uniq_gastronok
D:9:      layout_loops_ring, led_sif_book
D:10:     gammafunk_mikee_crab_dinner, layout_cave_pods, erik_lair_island,
          enter_bailey_2, uniq_urug, uniq_grum
D:11:     layout_loops_cross
D:12:     minmay_the_grid_four_pointed_star
          [minmay_the_grid_triangle_9x9_descending_squares,
          minmay_the_grid_triangle_9x9_steps,
          minmay_the_grid_triangle_9x9_fully_insulated_deathbox,
          minmay_the_grid_triangle_9x9_skeleton,
          minmay_the_grid_prize_four_corners], layout_loops_ring,
          minmay_rotating_lava
D:13:     layout_loops_ring, david_vaults_5, serial_shops, shop,
          gammafunk_ghost_grave, minmay_statues_item, uniq_snorg
D:14:     layout_roguey, chequers_serial_rivers_room_b, lemuel_flame_loot_1
D:15:     hangedman_depths_entry_civil_slaughter, layout_irregular_city,
          hangedman_glass_teeth, portal_ice_cave_entry_ice_beasts,
          nicolae_underground_beach
Temple:   cyrus_circular_temple
Lair:1:   layout_regular_city, grunt_forest_large_clearings
Lair:2:   layout_long_grid, cheibrodos_lair_lostbears
Lair:3:   layout_chaotic_city, elwin_shoals_entry_stream,
          spider_nest_entry_web_field
Shoals:1: layout_shoals, serial_shops, shop
Shoals:2: layout_shoals, uniq_louise
Shoals:3: layout_shoals, nicolae_shoals_dead_sea_scrolls
Shoals:4: shoals_end_hangedman, layout_shoals
Spider:1: layout_spider_delve
Spider:2: layout_spider_delve, gammafunk_ghost_grave
Spider:3: layout_spider_delve, uniq_aizul, uniq_nikola
Spider:4: johnstein_spider_rune_arachne_lair
Depths:1: layout_cave_pools, abyss_entry, minmay_misc_feat_columns, hell_entry,
          hangedman_aviary
Depths:2: minmay_slanted_spiral_squares, layout_cave_shapes, hell_entry,
          rand_demon_pan_entry_3, minmay_shop_grove
Depths:3: kennysheep_large_vault, layout_cave_pools, enter_ziggurat_f,
          grunt_hell_horde, pan_entry, minmay_misc_feat_square,
          minmay_fire_ice_demons

Skill      XL: |  1  2  3  4  5  6  7  8  9 10 11 12 13 14 15 16 17 18 19 |
---------------+----------------------------------------------------------+-----
Fighting       | 3 4 5 6 7 8 10 11 12 13 14 15 17 18 | 18.1
Axes           | 3 4 5 6 7 9 10 11 12 14 15 16 17 18 | 18.0
Armour         | 4 5 6 7 8 9 10 11 12 13 15 | 15.8
Dodging        | 1 2 3 4 5 6 7 8 |  8.1
Invocations    | 2 4 5 7 9 10 11 12 13 14 15 | 15.0
Shields        | 5 6 8 9 10 11 13 14 | 14.0
Evocations     | 4 6 8 10 | 10.0

Action                   |  1- 3 |  4- 6 |  7- 9 | 10-12 | 13-15 | 16-18 | 19-21 || total
-------------------------+-------+-------+-------+-------+-------+-------+-------++-------
Melee: War axe           |   101 |   111 |   342 |   703 |  1391 |  1674 |   195 ||  4517
       Hand axe          |       |       |    73 |       |       |       |       ||    73
Invok: Lesser Servant of |       |       |       |     7 |    18 |     5 |       ||    30
       Greater Servant o |       |       |       |       |     7 |     4 |     1 ||    12
 Abil: Heal Wounds       |     2 |     1 |    12 |    11 |    17 |    27 |    11 ||    81
Evoke: Wand              |       |       |       |       |     1 |     2 |       ||     3
       Condenser vane    |       |       |       |       |     3 |     5 |     1 ||     9
       Tin of tremorston |       |       |       |       |       |     3 |     1 ||     4
  Use: Potion            |       |       |     2 |     1 |     6 |     1 |       ||    10
       Scroll            |       |       |    15 |     5 |    14 |     5 |     2 ||    41
 Stab: Distracted        |       |       |       |     3 |    12 |    13 |       ||    28
       Invisible         |       |       |       |       |       |     2 |       ||     2
Armor: Scale mail        |    11 |       |       |       |       |       |       ||    11
       Chain mail        |    43 |    46 |    84 |       |       |       |       ||   173
       Plate armour      |       |       |   121 |   601 |  1063 |  1198 |   145 ||  3128
Dodge: Dodged            |    25 |    28 |    93 |   343 |  1033 |   853 |    83 ||  2458
Block: Kite shield       |    55 |    51 |   233 |   495 |  1060 |  1212 |   166 ||  3272
       Reflection        |       |       |       |     4 |    11 |       |       ||    15

Table legend: (Time is in decaauts)
 A = Elapsed time spent in this place.
 B = Non-inter-level travel time spent in this place.
 C = Inter-level travel time spent in this place.
 D = Time resting spent in this place.
 E = Time spent auto-exploring this place.
 F = Levels seen in this place.
 G = Mean time per level.
                   A        B        C        D        E       F      G
               +--------+--------+--------+--------+--------+-----+--------+
         Total |  19578 |  17811 |   1767 |    262 |  10566 |  37 |  529.1 |
       Dungeon |  11560 |  10560 |   1000 |    135 |   6853 |  15 |  770.7 |
        Temple |     52 |     44 |      8 |      0 |     43 |   1 |   52.0 |
          Lair |   2037 |   1681 |    356 |      0 |   1293 |   3 |  679.0 |
        Shoals |    665 |    522 |    143 |      0 |    195 |   4 |  166.2 |
   Spider Nest |   1570 |   1440 |    130 |      0 |    562 |   4 |  392.5 |
        Depths |   2117 |   1988 |    129 |     20 |   1042 |   3 |  705.7 |
         Abyss |   1519 |   1519 |      0 |    106 |    569 |   5 |  303.8 |
        Bailey |     43 |     43 |      0 |      0 |      2 |   1 |   43.0 |
      Ice Cave |     12 |     12 |      0 |      0 |      5 |   1 |   12.0 |
               +--------+--------+--------+--------+--------+-----+--------+

Top non-repeatable levels by time:
    D:10: 1319 daAuts
    D:12: 1161 daAuts
     D:5: 1151 daAuts
 Abyss:2: 970 daAuts
  Lair:3: 961 daAuts
    D:14: 952 daAuts
    D:13: 904 daAuts
Depths:1: 880 daAuts
     D:4: 879 daAuts
     D:6: 874 daAuts
    D:15: 873 daAuts
     D:7: 760 daAuts
Spider:4: 731 daAuts
  Lair:2: 704 daAuts
    D:11: 691 daAuts
